 Dungeon Crawl Stone Soup version 0.27.1-16-g815e20cd7a (webtiles) character file.

Game seed: 13900516703166252594

58 Descartes the Grasshopper (level 3, 0/16 HPs)
             Began as a Felid Warper on Nov 22, 2021.
             Slain by a kobold (5 damage)
             ... on level 2 of the Dungeon.
             The game lasted 00:01:55 (2448 turns).

Descartes the Grasshopper (Felid Warper)            Turns: 2448, Time: 00:01:56

Health: 0/16       AC:  1    Str:  8    XL:     3   Next: 76%
Magic:  7/7        EV: 18    Int: 14    God:
Gold:   60         SH:  0    Dex: 15    Spells: 6/6 levels left
                                        Lives:  0   Deaths: 0

rFire    . . .     SeeInvis +     - Unarmed
rCold    . . .     Faith    .   (shield unavailable)
rNeg     . . .     Spirit   .   (armour unavailable)
rPois    .         Reflect  .   (helmet unavailable)
rElec    .         Harm     .   (cloak unavailable)
rCorr    .         Rampage  .   (gloves unavailable)
Will     .....                  (boots unavailable)
Stlth    +.........             (no amulet)
HPRegen  0.05/turn              (no ring)
MPRegen  0.10/turn              (no ring)

@: quick
A: very small, claws 1, fangs 3, see invisible, speed 1, shaggy fur 1, stealthy
paws, no weapons or thrown items, no armour, multi-lived
a: no special abilities


You were on level 2 of the Dungeon.
You visited 1 branch of the dungeon, and saw 2 of its levels.

You collected 60 gold pieces.

Inventory:

Missiles
 c - 63 stones
Scrolls
 a - 2 scrolls of blinking
 b - 2 scrolls of identify {unknown}
 g - a scroll of noise {unknown}
Potions
 d - a potion of magic {unknown}
 e - a potion of invisibility {unknown}
 f - a potion of attraction {unknown}
 h - 2 potions of curing {unknown}


   Skills:
 - Level 2.0 Fighting
 + Level 4.2 Dodging
 + Level 2.9 Unarmed Combat
 - Level 2.0 Spellcasting
 + Level 5.4 Translocations


You had 6 spell levels left.
You didn't know any spells.
Your spell library contained the following spells:

 Spells                   Type           Power      Damage    Failure   Level
 Blink                    Tloc           N/A        N/A       4%          2
 Gell's Gravitas          Tloc           8%         N/A       8%          3
 Lesser Beckoning         Tloc           8%         N/A       8%          3
 Teleport Other           Tloc           16%        N/A       8%          3
 Animate Skeleton         Necr           2%         N/A       24%         1
 Freeze                   Ice            4%         1d3       24%         1
 Pain                     Necr           4%         1d4       24%         1
 Frozen Ramparts          Ice            2%         1d2       56%         3
 Vampiric Draining        Necr           0%         2d6       56%         3
 Manifold Assault         Tloc           16%        N/A       58%         5
 Hailstorm                Conj/Ice       1%         3d3       93%         4


Dungeon Overview and Level Annotations

Branches:
Dungeon (2/15)

Altars:


Innate Abilities, Weirdness & Mutations

You have sharp claws.
You have razor-sharp teeth.
You have supernaturally acute eyesight. (SInv)
You cover ground quickly. (Speed+)
You are covered in fur. (AC +1)
Your paws help you pounce on unaware monsters.
You are incapable of wielding weapons or throwing items.
You cannot wear armour.
You gain extra lives every three experience levels.


Message History

You are too injured to fight recklessly!
You are too injured to fight recklessly!
You are too injured to fight recklessly!
You are too injured to fight recklessly!
You are too injured to fight recklessly!
You are too injured to fight recklessly!
You are too injured to fight recklessly!
You are too injured to fight recklessly!
You are too injured to fight recklessly!
You are too injured to fight recklessly!
You are too injured to fight recklessly!
You are too injured to fight recklessly!
You are too injured to fight recklessly!
There is a large open door here.
You barely miss the ball python. The ball python misses you.
The ball python barely misses you.
You completely miss the ball python. The ball python misses you. x2
You closely miss the ball python.
The ball python bites you but does no damage.
The ball python completely misses you.
You claw the ball python!
You kill the ball python!
You scratch the rat.
You kill the rat!
The kobold throws a stone.
The stone closely misses you.
You see here a rat corpse.
You scratch the kobold.
You kill the kobold!
You closely miss the kobold.
The kobold hits you with a +0 short sword.
You scratch the kobold but do no damage.
Your bite misses the kobold.
The kobold hits you with a +0 short sword.
You scratch the kobold but do no damage.
The kobold completely misses you.
You scratch the kobold but do no damage.
The kobold closely misses you.
You closely miss the kobold.
The kobold hits you with a +0 short sword.
You die...

#######.# #.# #.# #######.#
### ........# #.. ..).....#
#.# ........# #.#
........###########.######
...(....+.......@K.[.....#
........####..####''####..#
.............##........##
#####.#.##..##..........##
..(........##.....K......##
#####.#..###..............##
.# ####.# .......K........#
.# #.# .................# .#
#.# .................#


You could see a kobold.

Vanquished Creatures
  An adder (D:2)
  A worm (D:2)
  A dart slug (D:1)
  3 ball pythons
  5 endoplasms
  A giant cockroach (D:2)
  3 goblins (D:1)
  7 hobgoblins
  3 jackals (D:1)
  A quokka (D:2)
  3 bats
  3 frilled lizards (D:1)
  4 kobolds
  4 rats
40 creatures vanquished.

Vanquished Creatures (others)
  A plant (D:2)
1 creature vanquished.

Grand Total: 41 creatures vanquished

Notes
Turn   | Place    | Note
-------+----------+-------------------------------------------
     0 | D:1      | Descartes the Felid Warper began the quest for the Orb.
     0 | D:1      | Reached XP level 1. HP: 9/9 MP: 4/4
   252 | D:1      | Reached XP level 2. HP: 7/13 MP: 6/6
   823 | D:1      | Reached skill level 5 in Translocations
  1217 | D:1      | Reached XP level 3. HP: 16/16 MP: 7/7
  2448 | D:2      | Slain by a kobold

Illustrated notes

Levels and vault maps discovered:
D:1:      dpeg_arrival_three_same_balls, layout_loops_corners
D:2:      kennysheep_big_flooded_room, layout_basic, serial_bayou_pond_c

Skill      XL: |  1  2  3 |
---------------+----------+-----
Translocations | 5 |  5.4
Dodging        | 4 |  4.2
Fighting       | |  2.0
Unarmed Combat | |  2.9
Spellcasting   | |  2.0

Action                   || total
-------------------------++-------
Melee: Unarmed           ||   138
       Bite              ||    14
       Punch             ||     2
 Stab: Sleeping          ||     4
Armor: Skin              ||     4
Dodge: Dodged            ||   102
